 Dungeon Crawl Stone Soup version 0.31-a0-1388-g4b2ba238e7 (webtiles) character file.

Game seed: 1182455930688521417

11 Level1Goblin the Trooper (level 2, -8/27 HPs)
             Began as a Hill Orc Fighter on Dec 24, 2023.
             Mangled by Jessica
             ... wielding a +5 club
              (11 damage)
             ... on level 2 of the Dungeon.
             The game lasted 00:01:10 (593 turns).

Level1Goblin the Trooper (Hill Orc Fighter)          Turns: 593, Time: 00:01:11

Health: -8/27      AC:  6    Str: 18    XL:     2   Next: 25%
Magic:  2/2        EV:  9    Int:  8    God:
Gold:   39         SH:  4    Dex: 10    Spells: 1/1 levels left

rFire   . . .        a - +0 war axe
rCold   . . .        c - +0 buckler
rNeg    . . .        b - +0 scale mail
rPois   .            (no helmet)
rElec   .            (no cloak)
rCorr   .            (no gloves)
SInv    .            (no boots)
Will    .....        (no amulet) Stlth
                     (no ring)
HPRegen 0.24/turn    (no ring)
MPRegen 0.08/turn

%: no passive effects
@: mighty
A: no striking features
a: no special abilities


You were on level 2 of the Dungeon.
You visited 1 branch of the dungeon, and saw 2 of its levels.

You collected 39 gold pieces.

Inventory:

Hand Weapons
 a - a +0 war axe (weapon)
Armour
 b - a +0 scale mail (worn)
 c - a +0 buckler (worn)
Magical Staves
 j - a staff of death
Jewellery
 f - a +4 ring of protection
Scrolls
 e - a scroll of immolation {unknown}
 i - a scroll of poison {unknown}
Potions
 g - a potion of heal wounds {unknown}
 h - a potion of enlightenment {unknown}


   Skills:
 + Level 4.0 Fighting
 + Level 2.7 Axes
 + Level 3.6 Armour
 + Level 3.4 Shields


You had one spell level left.
You didn't know any spells.
Your spell library contained the following spells:

 Spells                   Type           Power      Damage    Failure   Level
 Ensorcelled Hibernation  Hex/Ice        0%         N/A       95%         2
 Passwall                 Alch/Erth      0%         N/A       95%         2
 Swiftness                Air            0%         N/A       99%         3


Dungeon Overview and Level Annotations

Branches:
Dungeon (2/15)

Altars:

Shops:
D:1 ?

Annotations:
D:2 Jessica


Message History

Jessica mumbles some strange words.
Jessica seems to speed up.
The goblin hits you but does no damage.
You barely miss the goblin.
The goblin is moderately wounded.
The goblin hits you but does no damage.
Jessica casts a spell.
Jessica blinks!
You hit the goblin.
You kill the goblin!
Your Fighting skill increases to level 4!
You have reached level 2!
You see here a +0 club.
You slash the worm!
The worm is heavily wounded.
The worm bites you!
You slash the worm!
You kill the worm!
Jessica completely misses you.
You hit Jessica.
Jessica is moderately wounded.
Jessica completely misses you. Jessica hits you with a +5 club.
You barely miss Jessica.
Jessica is moderately wounded.
Jessica hits you with a +5 club!
* * * LOW HITPOINT WARNING * * *
Jessica hits you with a +5 club.
* * * LOW HITPOINT WARNING * * *
Jessica barely misses you.
You feel very mighty all of a sudden. Jessica hits you with a +5 club.
* * * LOW HITPOINT WARNING * * *
You barely miss Jessica.
Jessica is moderately wounded.
Jessica casts a spell.
Jessica blinks!
You start resting.
Jessica is nearby!
Jessica is nearby!
Jessica hits you with a +5 club!
You die...

#..........#
#.........#
#........#
##....###
#.......+
#.###....###
#........#
#####@#### #@#
####)####
#.......#######.#
#.#####..........
#.# #..######.#
#.# #..# #.# #.##
#.#####.#
#.......#


You could see Jessica (fast).

Vanquished Creatures
  A worm (D:2)
  2 ball pythons (D:1)
  2 goblins
  A bat (D:2)
  2 rats (D:1)
8 creatures vanquished.

Notes
Turn   | Place    | Note
-------+----------+-------------------------------------------
     0 | D:1      | Level1Goblin the Hill Orc Fighter began the quest for the
                  | Orb.
     0 | D:1      | Reached XP level 1. HP: 19/19 MP: 1/1
    19 | D:1      | Found Coycwoci's Magic Scroll Boutique.
   565 | D:2      | Noticed Jessica
   583 | D:2      | Reached skill level 4 in Fighting
   583 | D:2      | Reached XP level 2. HP: 27/27 MP: 2/2
   588 | D:2      | HP: 1/27 [Jessica/+5 club (3)]
   593 | D:2      | Mangled by Jessica

Illustrated notes

Levels and vault maps discovered:
D:1:      minmay_arrival_doors, layout_loops_cross, serial_shops, shop,
          hangedman_decor_clover_reticule, hangedman_abyss_or_decor_lesser_grid
D:2:      layout_loops_corners, uniq_jessica, uniq_natasha, uniq_terence

Skill      XL: |  1 |
---------------+----+-----
Fighting       | 4 |  4.0
Axes           | |  2.7
Armour         | |  3.6
Shields        | |  3.4

Action                     || total
---------------------------++-------
  Melee: War axe           ||    25
    Use: Potion            ||     1
 Armour: Scale mail        ||    28
  Dodge: Dodged            ||    21
  Block: Buckler           ||    10

Table legend: (Time is in decaauts)
 A = Elapsed time spent in this place.
 B = Non-inter-level travel time spent in this place.
 C = Inter-level travel time spent in this place.
 D = Time resting spent in this place.
 E = Time spent auto-exploring this place.
 F = Levels seen in this place.
 G = Mean time per level.
                   A        B        C        D        E       F      G
               +--------+--------+--------+--------+--------+-----+--------+
         Total |    602 |    592 |     10 |      3 |    465 |   2 |  301.0 |
       Dungeon |    602 |    592 |     10 |      3 |    465 |   2 |  301.0 |
               +--------+--------+--------+--------+--------+-----+--------+

Top non-repeatable levels by time:
     D:1: 527 daAuts
     D:2: 75 daAuts
